cohdb
Replays
Latest Replays
All Replays
Popular Replays
Top Player Replays
Match Explorer
How It Works
Community
CoH3 Stats
Reddit
Sign in to upload your games and track your stats! →
Sign in with Steam
Match 42343660
Unlisted
Match 42343660
Overview
Messages
Build Orders
End
Kradschützen Motorcycle Team
Panzergrenadier Squad
250 Light Carrier
Construct Light Support Kompanie
Panzerjäger Squad
Selects Armored Support Battlegroup
Selects Veteran Gunners
Combat Half-tracks
Advanced Field Repairs
Assault Mechanized Group
Construct Mechanized Kompanie
Selects Salvage Kits
Marder III Tank Destroyer
Milo
xxjesus340
HvorSkalDuHenrik
DibbeTC
Dazooe
Mr Gloambury
0
0
Comments
sign in to comment!
No comments posted yet!